 Dungeon Crawl Stone Soup version 0.23-a0-398-g8eab93f (webtiles) character file.

18299 XanderDroid the Severer (level 12, 0/112 HPs)
             Began as a Minotaur Berserker on Nov 3, 2018.
             Was a High Priest of Trog.
             Slain by a red devil
             ... wielding a +1 trident of flaming
              (1 damage)
             ... while paralysed by an orc sorcerer
             ... in a volcano.
             The game lasted 01:11:13 (13826 turns).

XanderDroid the Severer (Minotaur Berserker)       Turns: 13826, Time: 01:11:14

Health: 0/112      AC: 11    Str: 23    XL:     12   Next: 26%
Magic:  0/11       EV:  2    Int:  4    God:    Trog [*****.]
Gold:   446        SH:  0    Dex: 18    Spells: 11/11 levels left

rFire    + . .     SeeInvis .   a - +0 war axe (chop)
rCold    . . .     Gourm    .   E - +2 buckler
rNeg     . . .     Faith    .   r - +2 ring mail {rF+}
rPois    .         Spirit   +   (helmet restricted)
rElec    .         Reflect  .   e - scarf {repulsion}
rCorr    .         Harm     .   G - +0 pair of gloves
MR       .....                  (no boots)
Stlth    +.........             t - amulet of guardian spirit
HPRegen  0.28/turn              q - ring of flight
MPRegen  0.12/turn              I - +4 ring of dexterity

@: paralysed, very slightly contaminated, repel missiles
A: retaliatory headbutt, horns 2
a: Berserk, Trog's Hand, Brothers in Arms, Renounce Religion, Evoke Flight


You were in a volcano.
You worshipped Trog.
Trog was extremely pleased with you.
You were not hungry.

You visited 3 branches of the dungeon, and saw 14 of its levels.
You also visited: Sewer and Volcano.

You collected 830 gold pieces.
You spent 384 gold pieces at shops.

Inventory:

Hand Weapons
 a - a +0 war axe of chopping (weapon)
 b - a +1 whip of freezing
Armour
 e - a scarf of repulsion (worn)
 r - a +2 ring mail of fire resistance (worn)
 E - a +2 buckler (worn)
 G - a +0 pair of gloves (worn)
Jewellery
 q - a ring of flight (left hand)
 t - an amulet of guardian spirit (around neck)
 I - a +4 ring of dexterity (right hand)
 J - an uncursed ring of ice
Wands
 w - a wand of scattershot (10)
 y - a wand of paralysis (21)
 C - a wand of disintegration (11)
 F - a wand of acid (28)
 H - a wand of iceblast (23)
Scrolls
 d - a scroll of blinking
 h - 4 scrolls of enchant weapon
 j - 4 scrolls of enchant armour
 k - 9 scrolls of remove curse
 n - 2 scrolls of summoning
 u - 8 scrolls of teleportation
 v - 4 scrolls of fear
 z - a scroll of magic mapping
 A - 6 scrolls of fog
Potions
 f - 2 potions of lignification {unknown}
 g - a potion of magic {unknown}
 i - 4 potions of mutation
 l - 6 potions of curing
 m - 4 potions of might
 o - 4 potions of flight {unknown}
 p - 2 potions of experience {unknown}
 s - a potion of agility {unknown}
 D - 3 potions of haste
 M - a potion of degeneration {unknown}
Comestibles
 c - 22 rations


   Skills:
 + Level 12.3 Fighting
 * Level 16.2 Axes
 + Level 12.0 Armour
 - Level 2.1 Dodging
 - Level 4.2 Shields


You had 11 spell levels left.
You didn't know any spells.
Your spell library was empty.

Dungeon Overview and Level Annotations

Branches:
Dungeon (11/15)            Temple (1/1) D:5            Lair (2/6) D:10
  Swamp: Lair:2-4    Shoals: Lair:2-4     Snake: Lair:2-4    Spider: Lair:2-4
    Orc: D:9-12

Altars:
Elyvilon
Hepliaklqana
Okawaru
Qazlal
Ru
Sif Muna
Uskayaw
Yredelemnul

Shops:
D:4 ?   D:5 %   D:8 (   D:11 %

Portals:
Ice
Cave: Lair:2

Annotations:
D:8 exclusion: door


Innate Abilities, Weirdness & Mutations

You reflexively headbutt those who attack you in melee.
You have a pair of horns on your head.


Message History

The sixfirhy disappears in a puff of smoke!
The orc sorcerer points at you and mumbles some strange words.
You suddenly lose the ability to move!
The orc sorcerer hits you but does no damage.
The orc sorcerer completely misses you.
The orc sorcerer hits you with a +1 whip of flaming.
* * * LOW HITPOINT WARNING * * *
The red devil hits you from afar with a +1 trident of flaming!!
* * * LOW HITPOINT WARNING * * *
The red devil burns you.
* * * LOW HITPOINT WARNING * * *
The orc sorcerer mumbles some strange words.
The orc sorcerer shimmers violently.
The orc sorcerer hits you with a +1 whip of flaming.
* * * LOW HITPOINT WARNING * * *
The orc sorcerer hits you but does no damage.
The red devil hits you from afar with a +1 trident of flaming.
* * * LOW HITPOINT WARNING * * *
The red devil burns you.
You die...

##....≈≈§≈≈≈§≈≈....#
###....≈≈≈≈§≈....#
##.#....4....3o..#
##o###..###..##..o#
≈.## #### #######.#
≈3## ##.## [4)#
#4#### .4## ###o§§##
∩$4 ##..@§≈§# ≈.[#
#...§≈≈§# ≈≈.$
##...≈§## ≈≈≈##
#..≈≈§# ≈≈≈# ##≈≈§§#
§≈## ##≈≈## ####


You could see an orc sorcerer and a red devil.

Vanquished Creatures
  Fannar (D:10)
  Harold (D:10)
  A hydra (D:9)
  A two-headed ogre (D:9)
  2 unseen horrors (D:11)
  A wizard (D:9)
  An ugly thing (D:11)
  Pikel (D:4)
  A manticore (D:9)
  A black mamba (Lair:2)
  A spiny frog (Lair:1)
  Psyche (D:10)
  A komodo dragon (Lair:1)
  2 trolls (D:11)
  5 blink frogs (Lair:1)
  Prince Ribbit (D:9)
  5 hippogriffs
  A spriggan (Lair:1)
  A wraith (D:11)
  2 hungry ghosts
  A human (D:7)
  7 yaks
  2 hogs (D:7)
  Menkaure (D:6)
  4 water moccasins
  An acid dragon (D:11)
  2 porcupines (Lair:1)
  Duvessa (D:6)
  2 black bears
  2 orc warriors
  3 sky beasts
  5 ice beasts
  A phantom (D:7)
  6 ogres
  5 centaurs
  3 crocodiles
  9 bullfrogs
  A big kobold (D:9)
  Blork the orc (D:5)
  2 gnoll sergeants
  Dowan (D:6)
  A wyvern skeleton (D:9)
  2 water moccasin skeletons
  A scorpion (D:11)
  An electric eel (Lair:1)
  6 howler monkeys
  A bullfrog zombie (D:9)
  6 crimson imps
  2 centaur zombies (D:9)
  2 quasits
  2 jellies
  3 hounds
  2 centaur skeletons
  7 orc priests
  3 bullfrog skeletons
  5 orc wizards
  Jessica (D:2)
  Natasha (thrice) (D:3)
  5 iguanas
  22 worker ants
  A killer bee zombie (D:5)
  A hound zombie (D:9)
  A worker ant zombie (D:5)
  26 adders
  15 gnolls
  A howler monkey skeleton (D:4)
  6 shadow imps
  19 oozes
  An adder skeleton (D:6)
  3 worms
  2 dart slugs (D:2)
  8 leopard geckos
  28 orcs
  26 giant cockroaches
  9 goblins
  4 hobgoblins
  15 jackals
  8 quokkas
  17 ball pythons
  7 bats
  11 frilled lizards
  A jackal skeleton (D:4)
  10 kobolds
  A quokka skeleton (D:4)
  A quokka zombie (D:8)
  6 rats
  A fungus (Lair:1)
  A plant (Lair:1)
396 creatures vanquished.

Vanquished Creatures (others)
  A frilled lizard (D:4)
  A fungus (Lair:1)
2 creatures vanquished.

Grand Total: 398 creatures vanquished

Notes
Turn   | Place    | Note
-------+----------+-------------------------------------------
     0 | D:1      | XanderDroid the Minotaur Berserker began the quest for the
                  | Orb.
     0 | D:1      | Reached XP level 1. HP: 19/19 MP: 0/0
   115 | D:1      | Reached skill level 4 in Axes
   115 | D:1      | Reached XP level 2. HP: 21/27 MP: 1/1
   386 | D:1      | Reached XP level 3. HP: 33/33 MP: 2/2
   718 | D:1      | Reached ** piety under Trog
  1064 | D:2      | Reached skill level 5 in Axes
  1064 | D:2      | Reached XP level 4. HP: 35/41 MP: 3/3
  1082 | D:2      | Found a hazy altar of Hepliaklqana.
  1143 | D:2      | Noticed Jessica
  1151 | D:2      | Killed Jessica
  1655 | D:3      | Found an iron altar of Okawaru.
  1655 | D:3      | Found a stormy altar of Qazlal.
  1677 | D:3      | Noticed Natasha
  1684 | D:3      | Killed Natasha
  1684 | D:3      | Reached XP level 5. HP: 47/47 MP: 2/4
  2049 | D:3      | Noticed Natasha
  2083 | D:3      | Reached *** piety under Trog
  2232 | D:3      | Reached skill level 6 in Axes
  2255 | D:3      | Killed Natasha
  2255 | D:3      | Reached skill level 5 in Fighting
  2373 | D:3      | Found a hide-covered altar of Uskayaw.
  2568 | D:3      | Noticed Natasha
  2579 | D:3      | Killed Natasha
  2579 | D:3      | Reached XP level 6. HP: 48/56 MP: 5/5
  2923 | D:4      | Found Hacusser's Magic Scroll Shoppe.
  2930 | D:4      | Bought a scroll of remove curse for 33 gold pieces
  2931 | D:4      | Bought a scroll of teleportation for 33 gold pieces
  3173 | D:4      | Found a glowing drain.
  3217 | Sewer    | Entered a sewer
  3240 | Sewer    | Reached **** piety under Trog
  3240 | Sewer    | Reached skill level 7 in Axes
  3418 | Sewer    | Reached XP level 7. HP: 61/62 MP: 6/6
  3477 | Sewer    | Reached skill level 5 in Armour
  3607 | Sewer    | Reached skill level 8 in Axes
  4001 | D:4      | Reached ***** piety under Trog
  4049 | D:4      | Noticed Pikel
  4067 | D:4      | Killed Pikel
  4067 | D:4      | Reached skill level 9 in Axes
  4067 | D:4      | Reached XP level 8. HP: 71/71 MP: 7/7
  4089 | D:4      | Received a gift from Trog
  4128 | D:4      | Found a deep blue altar of Sif Muna.
  4129 | D:4      | Found a sacrificial altar of Ru.
  4375 | D:4      | Bought a scroll of enchant weapon for 82 gold pieces
  4375 | D:4      | Bought a scroll of identify for 22 gold pieces
  4375 | D:4      | Bought a scroll of identify for 22 gold pieces
  4375 | D:4      | Bought a scroll of identify for 22 gold pieces
  4390 | D:4      | Bought a scroll of identify for 22 gold pieces
  4449 | D:5      | Entered Level 5 of the Dungeon
  4783 | D:5      | Found Behutteamyh's Food Boutique.
  4853 | D:5      | Noticed Blork the orc
  4860 | D:5      | Killed Blork the orc
  4860 | D:5      | Reached skill level 10 in Axes
  4923 | D:5      | Found a staircase to the Ecumenical Temple.
  4932 | Temple   | Entered the Ecumenical Temple
  5164 | D:4      | Bought a scroll of identify for 22 gold pieces
  5164 | D:4      | Bought a scroll of identify for 22 gold pieces
  5399 | D:6      | Noticed Menkaure
  5404 | D:6      | Killed Menkaure
  5551 | D:6      | Reached XP level 9. HP: 68/81 MP: 8/8
  5576 | D:6      | You fall through a shaft!
  5576 | D:7      | Found a white marble altar of Elyvilon.
  5696 | D:6      | Found a white marble altar of Elyvilon.
  5823 | D:6      | Found a runed door.
  5841 | D:6      | Found a runed door.
  6060 | D:6      | Reached skill level 11 in Axes
  6363 | D:7      | Noticed Duvessa
  6363 | D:7      | Noticed Dowan
  6370 | D:6      | Killed Duvessa
  6371 | D:6      | Killed Dowan
  6736 | D:6      | Reached skill level 12 in Axes
  7062 | D:7      | Reached XP level 10. HP: 68/91 MP: 7/9
  7309 | D:7      | Found a basalt altar of Yredelemnul.
  7543 | D:8      | Reached skill level 1 in Shields
  8023 | D:8      | Found Mibliah's Weapon Emporium.
  8175 | D:7      | Reached skill level 13 in Axes
  8751 | D:9      | Noticed a two-headed ogre
  8755 | D:9      | Killed a two-headed ogre
  8755 | D:9      | Reached skill level 10 in Fighting
  8990 | D:9      | Noticed Prince Ribbit
  9008 | D:9      | Killed Prince Ribbit
  9427 | D:9      | Reached skill level 10 in Armour
  9567 | D:9      | Noticed a manticore
  9571 | D:9      | Noticed a seven-headed hydra
  9928 | D:9      | Killed a manticore
  9928 | D:9      | Reached XP level 11. HP: 101/101 MP: 6/10
 10016 | D:9      | Paralysed by a crimson imp for 5 turns
 10144 | D:9      | Killed a ten-headed hydra
 10144 | D:9      | Reached skill level 14 in Axes
 10323 | D:9      | Noticed a wizard
 10331 | D:9      | Killed a wizard
 10369 | D:10     | Entered Level 10 of the Dungeon
 10369 | D:10     | Noticed Psyche
 10375 | D:10     | Killed Psyche
 10691 | D:10     | Reached ****** piety under Trog
 10864 | D:10     | Noticed Harold
 10876 | D:10     | Killed Harold
 10997 | D:10     | Found a staircase to the Lair.
 11317 | D:10     | Noticed Fannar
 11330 | D:10     | Killed Fannar
 11330 | D:10     | Received a gift from Trog
 11330 | D:10     | Reached skill level 15 in Axes
 11380 | D:10     | You fall through a shaft!
 11394 | D:11     | Killed an unseen horror
 11469 | D:11     | Noticed a purple ugly thing
 12121 | D:11     | Found Makare's Food Shop.
 12147 | D:11     | Killed a purple ugly thing
 12258 | D:11     | Killed an unseen horror
 12258 | D:11     | Reached XP level 12. HP: 67/112 MP: 6/11
 12598 | D:4      | Bought a scroll of enchant armour for 82 gold pieces
 12598 | D:4      | Bought a scroll of fog for 22 gold pieces
 12761 | Lair:1   | Entered Level 1 of the Lair of Beasts
 13400 | Lair:1   | Reached skill level 16 in Axes
 13705 | Lair:2   | Found a frozen archway.
 13749 | Lair:2   | Found a dark tunnel.
 13756 | Volcano  | Entered a volcano
 13791 | Volcano  | Paralysed by an orc sorcerer for 5 turns
 13821 | Volcano  | Paralysed by an orc sorcerer for 7 turns
 13826 | Volcano  | HP: 1/112 [red devil/+1 trident of flaming (5)]
 13826 | Volcano  | Slain by a red devil

Vault maps used:
D:1:      dpeg_arrival_brainrot
D:2:      lemuel_doored_altar, uniq_jessica
D:3:      chequers_temple_overflow_statue_of_worship, lemuel_crystal_altar,
          uniq_natasha
D:4:      gammafunk_temple_overflow_statue, gup_sewer_entry_pipe, serial_shops,
          shop, uniq_pikel
D:5:      temple_hall, serial_shops, shop, first_ration, uniq_blork_the_orc
D:6:      lemuel_insect_pit, marbit_many_paths, hangedman_decor_growths,
          uniq_menkaure
D:7:      kennysheep_mini_moat, hangedman_decor_points, grunt_livestock,
          minivault_23, elyvilon_altar_3, uniq_duvessa
D:8:      serial_shops, nicolae_shop_trees, kennysheep_generic_room_4
D:9:      minmay_distorted_concentric_squares, lightli_wizard_tower,
          uniq_prince_ribbit1
D:10:     lair_entry_dummy, uniq_fannar, uniq_psyche, uniq_harold
D:11:     serial_shops, shop, minmay_misc_feat_more_columns
Temple:   minmay_temple_curvy_branch
Lair:1:   grunt_forest_large_clearing_hut, grunt_megastairs_3,
          lemuel_fruit_tree, infiniplex_staircase_pool
Lair:2:   dragon1_lemuel, enter_volcano_2, portal_ice_cave_entry_pillars_1,
          serial_bayou_shore_a
Sewer:    sewer_frog_island_02
Volcano:  volcano_pools

Skill      XL: |  1  2  3  4  5  6  7  8  9 10 11 12 |
---------------+-------------------------------------+-----
Axes           | 4 5 6 7 9 10 12 13 15 16 | 16.2
Fighting       | 4 5 6 7 9 10 11 12 | 12.3
Armour         | 3 4 6 7 9 10 11 12 | 12.0
Shields        | 4 |  4.2
Dodging        | |  2.1

Action                   |  1- 3 |  4- 6 |  7- 9 | 10-12 || total
-------------------------+-------+-------+-------+-------++-------
Melee: Hand axe          |    54 |    88 |       |       ||   142
       Headbutt          |    15 |    20 |    61 |   125 ||   221
       War axe           |       |    98 |   252 |   466 ||   816
       Whip              |       |       |       |     3 ||     3
Invok: Berserk           |       |     2 |     5 |     3 ||    10
  Use: Scroll            |       |     6 |    10 |     6 ||    22
       Potion            |       |       |       |     5 ||     5
  Eat: Chunk             |       |    10 |    10 |    10 ||    30
       Ration            |       |       |     2 |     6 ||     8
Armor: Animal skin       |     8 |       |       |       ||     8
       Scale mail        |     8 |     7 |       |       ||    15
       Ring mail         |       |    79 |   117 |   149 ||   345
Dodge: Dodged            |    46 |   130 |   163 |   211 ||   550
       Deflected         |       |       |     3 |    11 ||    14
Block: Buckler           |       |       |       |   112 ||   112

Table legend:
 A = Non-vault XP
 B = Vault XP
 C = Vault XP percentage of total XP
 D = Non-vault monster count
 E = Vault monster count
 F = Vault count percentage of total count
                 A         B        C        D         E       F
            +---------+---------+-------+---------+---------+-------
      Total |   15912 |   10230 |  39.1 |     280 |     114 |  28.9
            +---------+---------+-------+---------+---------+-------
        D:1 |      64 |       5 |   7.2 |      25 |       1 |   3.8
        D:2 |      82 |      37 |  31.1 |      20 |       1 |   4.8
        D:3 |     191 |      36 |  15.9 |      28 |       1 |   3.4
        D:4 |     328 |     585 |  64.1 |      21 |       7 |  25.0
        D:5 |     474 |      94 |  16.5 |      15 |       1 |   6.2
        D:6 |     892 |     681 |  43.3 |      20 |      18 |  47.4
        D:7 |    1453 |     987 |  40.5 |      29 |       5 |  14.7
        D:8 |    1471 |       0 |   0.0 |      33 |       0 |   0.0
        D:9 |    2218 |    3033 |  57.8 |      22 |      11 |  33.3
       D:10 |    2399 |    2422 |  50.2 |      27 |       3 |  10.0
       D:11 |    4392 |       0 |   0.0 |      32 |       0 |   0.0
     Lair:1 |    1365 |    1893 |  58.1 |       6 |       9 |  60.0
     Lair:2 |     583 |       0 |   0.0 |       2 |       0 |   0.0
      Sewer |       0 |     457 | 100.0 |       0 |      57 | 100.0
            +---------+---------+-------+---------+---------+-------
